 Dungeon Crawl Stone Soup version 0.28.0-45-g0d030f2227 (webtiles) character file.

Game seed: 12808167163577088331

67705 MisterFreud the Basher (level 14, -26/114 HPs)
             Began as a Palentonga Fighter on Mar 31, 2022.
             Was the Champion of Hepliaklqana.
             Killed from afar by a balrug (37 damage)
             ... with a fireball
             ... on level 3 of the Abyss.
             The game lasted 00:48:05 (29018 turns).

MisterFreud the Basher (Palentonga Fighter)        Turns: 29018, Time: 00:48:07

Health: -26/114    AC: 37    Str: 21    XL:     14   Next: 83%
Magic:  0/14       EV:  5    Int:  9    God:    Hepliaklqana [******]
Gold:   1531       SH:  7    Dex: 13    Spells: 13/13 levels left

rFire   . . .      SeeInvis +   E - +5 flail (freeze)
rCold   . . .      Faith    .   c - +1 buckler
rNeg    . . .      Spirit   +   b - +3 scale mail {rPois}
rPois   +          Reflect  .   s - +2 helmet
rElec   .          Harm     .   K - +1 cloak {rCorr}
rCorr   +          Rampage  .   g - +0 pair of gloves
Will    +....                   O - +2 barding
Stlth   ..........              G - amulet of guardian spirit
HPRegen 0.29/turn               q - +4 ring of protection
MPRegen 0.14/turn               T - +4 ring of slaying

@: on fire, about to teleport, glowing, curled up
A: reduced essence, large, rugged brown scales 3, see invisible, deformed body,
roll 1, armoured tail, reflexive curl
a: Rolling Charge, Renounce Religion, Recall Ancestor, Ancestor Identity,
Transference, Idealise


You were on level 3 of the Abyss.
You worshipped Hepliaklqana.
Hepliaklqana was exalted by your worship.
You visited 3 branches of the dungeon, and saw 21 of its levels.
You visited the Abyss 1 time.
You also visited: Bailey and Gauntlet.

You collected 1545 gold pieces.
You spent 14 gold pieces at shops.

Inventory:

Hand Weapons
 h - a +3 arbalest of flaming
 B - the +5 rapier "Haojidia" {spect, SInv}
   (You found it in a Gauntlet)

   When its wielder attacks, the weapon's spirit leaps out and strikes again.
   The spirit shares a part of any damage it takes with its wielder.
   SInv:      It lets you see invisible.
 E - a +5 flail of freezing (weapon)
 Z - the +3 Elemental Staff {rElec rF++ rC++ AC+5}
   (You found it in a Gauntlet)

   If the wielder is skilled in Evocations, they can discharge powerful blasts
   of elemental energy when striking with it.
   It enhances your fire, ice, earth and air magic.
   AC:        It affects your AC (+5).
   rF:        It greatly protects you from fire.
   rC:        It greatly protects you from cold.
   rElec:     It insulates you from electricity.
Missiles
 o - 31 poisoned darts
 A - 7 curare-tipped darts
Armour
 b - a +3 scale mail of poison resistance (worn)
 c - a +1 buckler (worn)
 g - a +0 pair of gloves (worn)
 s - a +2 helmet (worn)
 K - a +1 cloak of preservation (worn)
 O - a +2 barding (worn)
Jewellery
 a - a ring of protection from fire
 q - a +4 ring of protection (left hand)
 G - an amulet of guardian spirit (around neck)
 Q - a ring of protection from fire
 T - a +4 ring of slaying (right hand)
 V - a ring of flight
Wands
 m - a wand of mindburst (28)
 t - a wand of polymorph (15)
 w - a wand of paralysis (4)
 y - a wand of acid (18)
 C - a wand of charming (4)
 N - a wand of iceblast (12)
 S - a wand of flame (20)
 U - a wand of digging (12)
Scrolls
 j - 7 scrolls of teleportation
 k - 4 scrolls of enchant armour
 l - 2 scrolls of fog
 x - 11 scrolls of identify
 z - 4 scrolls of magic mapping
 F - a scroll of silence
 I - 3 scrolls of blinking
 J - 3 scrolls of fear
 M - a scroll of amnesia
 X - a scroll of brand weapon
Potions
 d - 4 potions of might
 e - 2 potions of haste
 f - 4 potions of flight
 i - 3 potions of invisibility
 n - 2 potions of heal wounds
 p - 7 potions of brilliance
 u - 2 potions of mutation
 v - a potion of ambrosia
 D - 3 potions of resistance
 R - a potion of berserk rage
 W - 3 potions of curing
 Y - 2 potions of magic
Miscellaneous
 r - a condenser vane (inert)
 H - a piece from Xom's chessboard (15/15)
 L - a lightning rod (4/4)
 P - a phial of floods (inert)


   Skills:
 + Level 13.2 Fighting
 - Level 14.0 Maces & Flails
 - Level 10.0 Armour
 - Level 10.0 Shields
 - Level 10.0 Evocations


You had 13 spell levels left.
You didn't know any spells.
Your spell library contained the following spells:

 Spells                   Type           Power      Damage    Failure   Level
 Animate Skeleton         Necr           0%         N/A       73%         1
 Apportation              Tloc           0%         N/A       73%         1
 Slow                     Hex            0%         N/A       73%         1
 Summon Small Mammal      Summ           0%         N/A       73%         1
 Corpse Rot               Necr/Air       0%         N/A       86%         2
 Poisonous Vapours        Pois/Air       0%         N/A       86%         2
 Confusing Touch          Hex            0%         N/A       97%         3
 Conjure Flame            Conj/Fire      0%         6-21      97%         3
 Ignite Poison            Fire/Tmut/Pois 0%         N/A       97%         3
 Ozocubu's Armour         Ice            0%         N/A       97%         3
 Tukima's Dance           Hex            0%         N/A       97%         3
 Vampiric Draining        Necr           0%         2d6       97%         3
 Passage of Golubria      Tloc           0%         N/A       100%        4
 Sticky Flame             Conj/Fire      0%         2d3       100%        4
 Summon Ice Beast         Ice/Summ       0%         N/A       100%        4
 Summon Mana Viper        Hex/Summ       0%         N/A       100%        5
 Yara's Violent Unravell  Hex/Tmut       0%         3d3       100%        5
 Monstrous Menagerie      Summ           0%         N/A       100%        7
 Ozocubu's Refrigeration  Ice            0%         4d5       100%        7


Dungeon Overview and Level Annotations

Branches:
Dungeon (14/15)            Temple (0/1) D:6            Lair (6/6) D:10
 Shoals (0/4) Lair:2       Spider (0/4) Lair:3        Slime (0/5) Lair:5
    Orc (1/2) D:11         Bailey (visited)         Gauntlet (visited)
 Vaults: D:13-14

Altars:
Ashenzari
Dithmenos
Elyvilon
Hepliaklqana
Nemelex Xobeh
Okawaru
Qazlal
Ru
Trog
Yredelemnul
Beogh
Jiyva

Shops:
D:1 *   D:12 *

Annotations:
D:4 1 transporter
D:5 3 runed translucent doors, Manslay's ghost, novice OpCj
D:10 2 transporters
D:12 1 runed translucent door
Lair:5 1 runed translucent door
Orc:1 Snorg


Innate Abilities, Weirdness & Mutations

Your life essence is reduced to manifest your ancestor. (-10% HP)
You are completely covered in rugged brown scales. (AC +3, +7% HP)
You have supernaturally acute eyesight. (SInv)
Armour fits poorly on your strangely shaped body.
You can roll at nearby foes to attack.
You have a long armoured tail.
You curl defensively after being hit. (AC +7*)


Message History

You feel much better. The balrug gestures at you. Something smites you!
* * * LOW HITPOINT WARNING * * *
What are your orders? t - Shout!
Orders for allies: a - Attack new target. r - Retreat! s - Stop attacking. g - Guard the area. f - Follow me.
Anything else - Cancel.
Gang up on whom?
Press: ? - help, Dir - move target, f - balrug
Aim: a balrug, wielding a +0 demon whip of freezing and wearing a +2 robe of willpower (lightly wounded, ally target) Attack!
Cenhelm hits the balrug with a +0 flail.
Really walk into that cloud of flame?
Okay, then.
Cenhelm blocks the balrug's attack.
Cenhelm hits the balrug with a +0 flail.
Cenhelm hits the balrug with a +0 flail.
There is an open gate here.
Cenhelm hits the balrug with a +0 flail.
You see here a hell hound corpse.
The balrug gestures at you. Something smites you!
* * * LOW HITPOINT WARNING * * *
A spatial vortex comes into view.
As you read the scroll of teleportation, it crumbles to dust.
You feel strangely unstable.
You feel the power of the Abyss delaying your translocation!
Blink to where?
Press: ? - help, Dir - move target
As you read the scroll of blinking, it crumbles to dust.
The balrug gestures at you. The sticky flame hits you.
You are covered in liquid flames!
* * * LOW HITPOINT WARNING * * *
The balrug gestures at you.
The fireball explodes!
The fireball engulfs you!!!
You die...

. . .. ##...##
. ...
...##'''# # .
.......†# .. .
.....##.## #
........#.R###
#.....###
..2.## .
.#'#..#.##.#.#
## ### .
....#..#.# . .
######..@.# ..
. # #.#..# . .
.. # #### # ..
§##. #..# . .
.


You could see the friendly Cenhelm the knight and a balrug (ally target).

Vanquished Creatures
  Frances (D:13)
  A very ugly thing (Abyss:3)
  A minotaur (Gauntlet)
  Josephine (Lair:4)
  A blizzard demon (Abyss:3)
  A great orb of eyes (Abyss:3)
  An ice dragon (Lair:1)
  9 hydras
  3 catoblepae
  2 boulder beetles
  A two-headed ogre (D:13)
  A centaur warrior (D:13)
  3 death yaks (Lair:5)
  A wretched star (Abyss:3)
  A fire crab (Gauntlet)
  A spriggan simulacrum (Abyss:3)
  2 deep elf pyromancers (D:13)
  A necromancer (Gauntlet)
  4 orc knights
  2 ugly things
  2 cyclopes (D:11)
  A worldbinder (Abyss:3)
  2 elephants (Lair:3)
  Maurice (D:10)
  9 black mambas
  A smoke demon (Abyss:3)
  12 cane toads
  3 kobold demonologists
  2 torpor snails
  A komodo dragon (shapeshifter) (D:13)
  6 rime drakes
  A tengu conjurer (D:13)
  5 komodo dragons
  2 meliai (D:13)
  3 polar bears
  4 trolls
  2 hornets
  3 dream sheep (Lair:6)
  4 blink frogs (Lair:5)
  2 fire bats (Gauntlet)
  11 shadows
  3 basilisks
  3 wraiths
  9 wyverns
  41 yaks
  2 steam dragons
  2 vampire mosquitoes (D:12)
  A warg (D:13)
  Edmund (D:4)
  An acid dragon (D:10)
  17 water moccasins
  2 hell hounds (Abyss:3)
  8 orc warriors
  A black bear (D:7)
  A necrophage (D:6)
  2 sky beasts (D:8)
  15 wolves
  5 centaurs
  A phantom (D:6)
  A gnoll sergeant (D:5)
  4 kobold brigands
  9 bullfrogs
  3 scorpions
  3 wights (D:8)
  2 centaur zombies
  2 electric eels (Lair:3)
  A hound (D:6)
  2 jellies
  A bullfrog zombie (D:6)
  A gnoll shaman (D:8)
  2 centaur skeletons (D:5)
  9 orc priests
  4 iguanas
  3 hell rats (Lair:2)
  8 orc wizards
  A hound skeleton (D:4)
  A howler monkey zombie (D:9)
  3 gnolls
  7 adders
  2 river rats (Lair:2)
  2 white imps
  2 ufetubi
  An adder skeleton (D:4)
  3 worms
  2 dart slugs
  46 orcs
  4 bats
  8 endoplasms
  2 giant cockroaches
  7 hobgoblins
  16 kobolds
  2 quokkas
  6 ball pythons
  2 frilled lizards
  9 goblins
  9 rats
420 creatures vanquished.

Vanquished Creatures (collateral kills)
  Rupert (Lair:3)
  A very ugly thing (Abyss:3)
  2 hydras
  A death yak (Lair:5)
  An orb spider (Abyss:3)
  A deep elf pyromancer (Bailey)
  A wolf spider (Lair:6)
  An elephant (Lair:3)
  A cyclops (D:13)
  A centaur zombie (D:11)
  A guardian serpent (Lair:6)
  A black mamba (Lair:6)
  A gargoyle (Gauntlet)
  5 cane toads
  2 rime drakes
  A komodo dragon (Lair:5)
  A meliai (D:13)
  A hornet (Lair:6)
  A dream sheep (Lair:6)
  2 shadows
  3 wraiths (Lair:4)
  2 basilisks
  12 yaks
  A water elemental (Abyss:3)
  2 wyverns (Lair:6)
  2 vampire mosquitoes (D:12)
  3 redbacks (Lair:6)
  5 water moccasins
  6 orc warriors
  2 black bears
  2 ogres
  A necrophage (D:4)
  4 wolves
  A centaur (D:8)
  3 bullfrogs
  A scorpion (D:5)
  3 wights (D:8)
  2 electric eels
  2 jellies
  A hound (D:5)
  3 orc priests
  3 hell rats (Lair:2)
  2 orc wizards
  2 gnolls
  4 river rats (Lair:2)
  An adder skeleton (D:4)
  13 orcs
  A bat (D:2)
  2 endoplasms
  2 giant cockroaches
  A hobgoblin (D:9)
  4 jackals (D:4)
  2 ball pythons
  2 frilled lizards (D:2)
  A goblin (D:9)
  6 kobolds
134 creatures vanquished.

Vanquished Creatures (others)
  5 knights
  2 ancestors
  56 fungi
  96 plants
159 creatures vanquished.

Grand Total: 713 creatures vanquished

Notes
Turn   | Place    | Note
-------+----------+-------------------------------------------
     0 | D:1      | MisterFreud the Palentonga Fighter began the quest for the
                  | Orb.
     0 | D:1      | Reached XP level 1. HP: 19/19 MP: 1/1
   250 | D:1      | Found a faded altar of an unknown god.
   260 | D:1      | Reached XP level 2. HP: 11/25 MP: 2/2
   268 | D:1      | Prayed at the altar of an unknown god.
   268 | D:1      | Became a worshipper of Hepliaklqana the Forgotten
   268 | D:1      | Reached * piety under Hepliaklqana
   270 | D:1      | Found Erueps's General Store.
  1031 | D:1      | Reached XP level 3. HP: 26/28 MP: 3/3
  1982 | D:3      | Reached XP level 4. HP: 18/33 MP: 4/4
  2127 | D:3      | Found a sacrificial altar of Ru.
  2165 | D:3      | Found a shadowy altar of Dithmenos.
  2240 | D:3      | Found an iron altar of Okawaru.
  2240 | D:3      | Found a bloodstained altar of Trog.
  2375 | D:3      | Reached ** piety under Hepliaklqana
  2388 | D:2      | Remembered your ancestor Cenhelm as a knight
  2697 | D:3      | Found a stormy altar of Qazlal.
  2701 | D:3      | Reached skill level 3 in Maces & Flails
  3421 | D:4      | Reached XP level 5. HP: 40/40 MP: 5/5
  3929 | D:4      | Reached skill level 4 in Maces & Flails
  3953 | D:4      | Noticed Edmund
  3962 | D:4      | Killed Edmund
  3963 | D:4      | Reached skill level 5 in Maces & Flails
  3963 | D:4      | Reached XP level 6. HP: 31/46 MP: 6/6
  4300 | D:4      | Reached skill level 6 in Maces & Flails
  4400 | D:4      | Noticed a yak
  4401 | D:4      | Found a sparkling altar of Nemelex Xobeh.
  4401 | D:4      | Found a transporter.
  4471 | D:5      | Entered Level 5 of the Dungeon
  4603 | D:5      | Found a runed translucent gate.
  4604 | D:5      | Found a runed translucent gate.
  4604 | D:5      | Noticed Manslay's ghost (novice OpCj)
  4605 | D:5      | Found a runed translucent gate.
  4606 | D:5      | Identified the +0 ring mail "Foiroproes" {rN+ Dex-5 Slay+3}
  4606 | D:5      | Identified the +8 plate armour of Zoyt {rN+ rCorr Int-3
                  | Dex+4}
  4606 | D:5      | Noticed an orc warrior
  4730 | D:5      | Gained mutation: You curl defensively after being hit. (AC
                  | +7*) [Palentonga growth]
  4730 | D:5      | Reached XP level 7. HP: 53/53 MP: 7/7
  4780 | D:5      | Found a basalt altar of Yredelemnul.
  4816 | D:5      | Reached skill level 5 in Fighting
  5106 | D:5      | Reached *** piety under Hepliaklqana
  5830 | D:5      | Reached skill level 7 in Maces & Flails
  6355 | D:5      | Reached XP level 8. HP: 59/62 MP: 8/8
  6700 | D:6      | Found a staircase to the Ecumenical Temple.
  6984 | D:6      | Reached skill level 8 in Maces & Flails
  7302 | D:6      | Reached skill level 9 in Maces & Flails
  7892 | D:7      | Reached skill level 10 in Maces & Flails
  7976 | D:7      | Reached **** piety under Hepliaklqana
  8097 | D:7      | Reached XP level 9. HP: 55/66 MP: 9/9
  9316 | D:8      | Reached skill level 5 in Armour
  9356 | D:8      | HP: 2/66 [orc warrior/+0 battleaxe (12)]
 10294 | D:8      | Found a broken altar of Ashenzari.
 11040 | D:9      | Reached XP level 10. HP: 33/77 MP: 10/10
 11114 | D:9      | Reached ***** piety under Hepliaklqana
 11114 | D:9      | Found a flagged portal.
 11129 | Bailey   | Entered a bailey
 11317 | Bailey   | Noticed an orc knight
 11350 | Bailey   | Killed an orc knight
 11351 | Bailey   | Reached skill level 11 in Maces & Flails
 11761 | Bailey   | Found a large runed translucent door.
 11761 | Bailey   | Found a large runed translucent door.
 11763 | Bailey   | Noticed a deep elf pyromancer
 11816 | Bailey   | Killed a deep elf pyromancer
 11833 | Bailey   | Identified the +5 scale mail of Ru's Castigation {-Tele
                  | Rampage rC+ Will+}
 12493 | D:10     | Entered Level 10 of the Dungeon
 12525 | D:10     | Noticed a cyclops
 12526 | D:10     | Found a transporter.
 12527 | D:10     | Noticed a cyclops
 12544 | D:10     | Found a white marble altar of Elyvilon.
 12684 | D:10     | Found a transporter.
 12692 | D:10     | Noticed an orc sorcerer
 13061 | D:10     | Noticed Maurice
 13082 | D:10     | Killed Maurice
 13331 | D:10     | Noticed a cyclops
 13366 | D:10     | Found a staircase to the Lair.
 13530 | D:11     | Noticed a brown ugly thing
 13534 | D:11     | Noticed a cyclops
 13539 | D:11     | Killed a brown ugly thing
 13540 | D:11     | Reached skill level 12 in Maces & Flails
 13546 | D:11     | Killed a cyclops
 13548 | D:11     | Noticed an orc knight
 13836 | D:11     | Reached XP level 11. HP: 84/87 MP: 11/11
 13951 | D:11     | Killed an orc knight
 13967 | D:11     | Noticed an orc knight
 13980 | D:11     | Killed an orc knight
 13981 | D:11     | Reached skill level 10 in Fighting
 14119 | D:11     | Found a staircase to the Orcish Mines.
 15200 | Orc:1    | Entered Level 1 of the Orcish Mines
 15200 | Orc:1    | Noticed Snorg
 15247 | D:12     | Reached skill level 13 in Maces & Flails
 15366 | D:12     | Found Wisiosk's CLEARANCE SALE!.
 15369 | D:12     | Bought a scroll of fear for 14 gold pieces
 15404 | D:12     | Found a runed translucent door.
 15404 | D:12     | Noticed a boulder beetle
 15404 | D:12     | Noticed an ogre mage
 15410 | D:12     | Noticed a wolf spider
 15410 | D:12     | Noticed a yaktaur captain
 15410 | D:12     | Noticed a boulder beetle
 15410 | D:12     | Noticed a six-headed hydra
 15410 | D:12     | Noticed a cyan ugly thing
 15413 | D:12     | Identified the +0 robe of Bonoir {Will+}
 15413 | D:12     | Noticed a wizard
 15484 | D:12     | Identified the +0 helmet "Ecycu" {rElec rF- Dex+10 Stlth-}
 15912 | Lair:1   | Entered Level 1 of the Lair of Beasts
 15926 | Lair:1   | Noticed a seven-headed hydra
 15936 | Lair:1   | Killed a seven-headed hydra
 16034 | Lair:1   | Found a broken altar of Ashenzari.
 16658 | Lair:1   | Noticed an eight-headed hydra
 16673 | Lair:1   | Killed an eight-headed hydra
 17132 | Lair:1   | Noticed an ice dragon
 17150 | Lair:1   | Killed an ice dragon
 17151 | Lair:1   | Reached skill level 14 in Maces & Flails
 17151 | Lair:1   | Reached XP level 12. HP: 28/94 MP: 12/12
 17172 | Lair:1   | Identified the +4 mace "Erumm" {freeze, rCorr Dex+4}
 17810 | Lair:2   | Found a staircase to the Shoals.
 17966 | Lair:2   | Noticed a seven-headed hydra
 17972 | Lair:2   | Killed a seven-headed hydra
 18206 | Lair:2   | Reached skill level 10 in Armour
 18570 | Lair:2   | Reached ****** piety under Hepliaklqana
 19006 | Lair:3   | Reached skill level 5 in Shields
 19045 | Lair:3   | Noticed a seven-headed hydra
 19055 | Lair:3   | Killed a seven-headed hydra
 19199 | Lair:3   | You fall into a shaft and drop 3 floors!
 19199 | Lair:6   | Entered Level 6 of the Lair of Beasts
 19199 | Lair:6   | Noticed a catoblepas
 19209 | Lair:6   | Killed a catoblepas
 19292 | Lair:6   | Found a gate leading to a gauntlet.
 19301 | Gauntlet | Entered a Gauntlet
 19301 | Gauntlet | Noticed a catoblepas
 19301 | Gauntlet | Found a transporter.
 19301 | Gauntlet | Found a runed translucent door.
 19302 | Gauntlet | Found a runed translucent door.
 19309 | Gauntlet | Found a transporter.
 19312 | Gauntlet | Found a transporter.
 19313 | Gauntlet | Found a transporter.
 19321 | Gauntlet | Found the +3 Elemental Staff {rElec rF++ rC++ AC+5}
 19324 | Gauntlet | Found a transporter.
 19324 | Gauntlet | Found a transporter.
 19325 | Gauntlet | Found a transporter.
 19333 | Gauntlet | Found a transporter.
 19390 | Gauntlet | Killed a catoblepas
 19391 | Gauntlet | Reached skill level 1 in Evocations
 19925 | Gauntlet | Found a transporter.
 20004 | Gauntlet | Found a transporter.
 20011 | Gauntlet | Found a transporter.
 20011 | Gauntlet | Found a transporter.
 20012 | Gauntlet | Found a transporter.
 20080 | Gauntlet | Found a transporter.
 20123 | Gauntlet | Noticed a minotaur
 20133 | Gauntlet | Killed a minotaur
 20134 | Gauntlet | Reached XP level 13. HP: 82/99 MP: 9/13
 20159 | Gauntlet | Identified the +1 mace of the Wizarding Viper {vamp, Dex+3}
 20159 | Gauntlet | Identified the +5 rapier "Haojidia" {spect, SInv}
 20304 | Lair:5   | Reached skill level 5 in Evocations
 20961 | Lair:4   | Noticed Josephine
 20975 | Lair:4   | Killed Josephine
 21648 | Lair:3   | Found a hole to the Spider Nest.
 21682 | Lair:3   | Noticed Rupert
 21691 | Lair:3   | You fall into a shaft and drop 3 floors!
 22592 | Lair:6   | Reached skill level 10 in Shields
 23022 | Lair:6   | Reached XP level 14. HP: 88/106 MP: 11/14
 25309 | Lair:5   | Found a runed translucent door.
 25310 | Lair:5   | Found a viscous altar of Jiyva.
 25313 | Lair:5   | Identified the ring "Tiren" {rN+ Int-5 Dex+4}
 25318 | Lair:5   | Found a staircase to the Slime Pits.
 27141 | Lair:3   | Killed Rupert
 27142 | Lair:3   | Reached skill level 10 in Evocations
 27151 | Lair:3   | Identified the +1 ring mail "Gyrot" {Str+6 Int+6 Dex-3}
 27817 | D:13     | Noticed Frances
 27832 | D:13     | Killed Frances
 28818 | D:14     | Cast into level 3 of the Abyss (a wizard)
 28910 | Abyss:3  | Noticed a white very ugly thing
 28911 | Abyss:3  | Noticed a white very ugly thing
 28926 | Abyss:3  | Killed a green very ugly thing
 28941 | Abyss:3  | Killed a green very ugly thing
 29002 | Abyss:3  | Noticed a balrug
 29018 | Abyss:3  | Killed from afar by a balrug

Illustrated notes

Levels and vault maps discovered:
D:1:      roderic_chinese_lattice_arrival, layout_rooms, serial_shops,
          shop_statue, ebering_ecumenical_altar_ruins, minmay_tree_intersection
D:2:      layout_basic
D:3:      layout_loops_ring, mainiacjoe_overflow_concentric_impassable,
          nicolae_ru_awakened_eye, overflow_temple_1_default,
          grunt_temple_overflow_bloody_war, serial_bayou_ford_a,
          minmay_liquid_box
D:4:      layout_loops_corners, grunt_nemelex_the_gamble,
          guppyfry_early_lair_pool, uniq_edmund
D:5:      layout_loops_corners, mainiacjoe_overflow_surrounded_room,
          biasface_ghost_orc_armoury
D:6:      layout_loops_corners, minmay_temple_entry_offerings, minmay_microvault
D:7:      layout_cave_pods, minivault_11
D:8:      minmay_skewed_foursquare, layout_basic,
          mainiacjoe_overflow_cross_hatched
D:9:      layout_loops_ring, enter_bailey_4, minmay_misc_feat_plants
D:10:     gammafunk_beogh_shrine, layout_basic, elyvilon_altar_4,
          lair_entry_dummy, serial_rivers, chequers_serial_rivers_room_b,
          chequers_serial_rivers_large_a, chequers_serial_rivers_micro_e,
          chequers_serial_rivers_micro_a, uniq_maurice
D:11:     layout_long_grid, david_orc_5
D:12:     layout_cross, minmay_st_funbox, nicolae_shop_clearance
D:13:     layout_cave_pools, portal_ice_cave_rime, uniq_frances
D:14:     layout_roguey, david_vaults_1, kennysheep_flooded_box, uniq_roxanne,
          uniq_azrael
Lair:1:   dragon1_lemuel, layout_regular_city, basic_altar, serial_bayou_pond_e,
          evilmike_ambush [evilmike_ambush_outer_doors,
          evilmike_ambush_inner_basic], grunt_megastairs_4
Lair:2:   layout_chaotic_city, minmay_shoals_entry_centaurs,
          kennysheep_abandoned_house
Lair:3:   layout_loops_ring, spider_nest_entry_a, beast_lair_carwin_6,
          serial_bayou_shore_a, lemuel_fruit_fields,
          infiniplex_staircase_pool_2, uniq_rupert
Lair:4:   layout_regular_city, serial_bayou, serial_bayou_pond_e,
          serial_bayou_shore_b, serial_bayou_lagoon_a, serial_bayou_pond_e,
          beast_lair_carwin_5, uniq_josephine
Lair:5:   layout_long_grid, slime_altar_2, serial_bayou_shore_b
Lair:6:   hangedman_lair_tendril_chambers, layout_cave_pods,
          gauntlet_entry_generic
Orc:1:    layout_caves, serial_shops, shop, uniq_fannar, uniq_nergalle,
          uniq_snorg
Abyss:3:  base: D:4, hangedman_elemental_corridor

Skill      XL: |  1  2  3  4  5  6  7  8  9 10 11 12 13 14 |
---------------+-------------------------------------------+-----
Armour         | 3 6 9 10 | 10.0
Shields        | 3 7 10 | 10.0
Maces & Flails | 3 5 6 7 10 12 14 | 14.0
Fighting       | 4 6 7 9 10 13 | 13.2
Evocations     | 4 8 10 | 10.0

Action                   |  1- 3 |  4- 6 |  7- 9 | 10-12 | 13-15 || total
-------------------------+-------+-------+-------+-------+-------++-------
Melee: Flail             |    87 |    33 |    72 |   588 |   635 ||  1415
       Tailslap          |     6 |    22 |    58 |    86 |   129 ||   301
       Whip              |       |    86 |   242 |       |       ||   328
Throw: Dart              |       |       |     3 |       |       ||     3
Invok: Ancestor Life: Kn |       |     1 |       |       |       ||     1
       Recall Ancestor   |       |       |       |     2 |     2 ||     4
 Abil: Rolling Charge    |     1 |     1 |       |     1 |     2 ||     5
Evoke: Wand              |       |       |       |    16 |     4 ||    20
       Piece from Xom's  |       |       |       |     1 |       ||     1
       Condenser vane    |       |       |       |       |     3 ||     3
       Phial of floods   |       |       |       |       |     1 ||     1
  Use: Scroll            |     2 |       |    11 |     9 |     7 ||    29
       Potion            |     1 |       |       |       |     2 ||     3
 Stab: Distracted        |       |     1 |     1 |     3 |     7 ||    12
       Paralysed         |       |       |       |     5 |       ||     5
Armor: Scale mail        |    74 |    39 |   130 |   385 |   395 ||  1023
       Skin              |     4 |       |       |       |       ||     4
Dodge: Dodged            |    42 |    35 |    79 |   164 |   166 ||   486
Block: Buckler           |    25 |    17 |    54 |   140 |   189 ||   425
